 Dungeon Crawl Stone Soup version 0.30-a0-726-gd89dcf765f (webtiles) character file.

Game seed: 13398772524039265424

71 Oxelix the Slasher (level 4, 0/34 HPs)
             Began as a Demonspawn Gladiator on Jan 29, 2023.
             Slain by a gnoll
             ... wielding a +0 flail
              (6 damage)
             ... on level 2 of the Dungeon.
             The game lasted 00:02:33 (963 turns).

Oxelix the Slasher (Demonspawn Gladiator)            Turns: 963, Time: 00:02:33

Health: 0/34       AC: 13    Str: 14    XL:     4   Next: 5%
Magic:  4/4        EV:  7    Int: 10    God:
Gold:   147        SH:  0    Dex: 16    Spells: 3/3 levels left

rFire   . . .      SeeInvis .    a - +0 long sword
rCold   . . .      Faith    .    (no shield)
rNeg    . . .      Spirit   .    j - +0 chain mail
rPois   .          Reflect  .    c - +0 helmet
rElec   .          Harm     .    (no cloak)
rCorr   .          Rampage  .    (no gloves)
Will    .....                    (no boots) Stlth
                                 (no amulet)
HPRegen 0.25/turn                f - +4 ring of protection
MPRegen 0.09/turn                (no ring)

@: brilliant
A: spiny 1
a: no special abilities


You were on level 2 of the Dungeon.
You visited 1 branch of the dungeon, and saw 2 of its levels.

You collected 147 gold pieces.

Inventory:

Hand Weapons
 a - a +0 long sword (weapon)
Armour
 b - a +0 leather armour
 c - a +0 helmet (worn)
 j - a +0 chain mail (worn)
Jewellery
 f - a +4 ring of protection (left hand)
Scrolls
 g - 2 scrolls of identify {unknown}
 h - a scroll of poison {unknown}
 i - a scroll of acquirement {unknown}
 k - a scroll of noise {unknown}
 m - a scroll of blinking {unknown}
 n - a scroll of immolation {unknown}
 p - a scroll of vulnerability {unknown}
Potions
 o - a potion of lignification


   Skills:
 + Level 2.7 Fighting
 * Level 3.4 Long Blades
 - Level 2.3 Throwing
 - Level 3.0 Dodging


You had 3 spell levels left.
You didn't know any spells.
Your spell library was empty.

Dungeon Overview and Level Annotations

Branches:
Dungeon (2/15)

Altars:


Innate Abilities, Weirdness & Mutations

You are partially covered in sharp spines.


Message History

You cannot move.
The gnoll struggles against the net.
The gnoll struggles against the net.
The gnoll struggles against the net.
The net rips apart, and the gnoll comes free!
The gnoll hits you but does no damage.
You cannot move.
The gnoll hits you but does no damage. The gnoll hits you but does no damage.
The gnoll hits you but does no damage. The gnoll hits you but does no damage.
The gnoll hits you but does no damage.
The gnoll hits you from afar with a +0 spear.
* * * LOW HITPOINT WARNING * * *
The gnoll hits you but does no damage. The gnoll completely misses you.
The gnoll hits you but does no damage. The gnoll hits you but does no damage.
The gnoll hits you from afar with a +0 spear.
* * * LOW HITPOINT WARNING * * *
The gnoll hits you but does no damage. The gnoll barely misses you.
The gnoll hits you but does no damage.
Your transformation is almost over.
The gnoll hits you but does no damage. The gnoll hits you but does no damage.
The gnoll hits you but does no damage. The gnoll hits you but does no damage.
The gnoll hits you but does no damage. The gnoll hits you but does no damage.
The gnoll hits you but does no damage. The gnoll hits you but does no damage.
The gnoll hits you but does no damage.
You feel less wooden.
Your +0 helmet unmelds from your body.
Your +0 chain mail unmelds from your body.
The gnoll closely misses you.
There are monsters nearby!
The gnoll hits you but does no damage. The gnoll hits you with a +0 flail.
You die...

#....+...........†...#####....#.
######.............#.#...#......
#####.........#.#...#......
#†........#............
##########.#######.......####...
#.........................#..†..
#.########.#######........##....
#.# #........#g..........##.(..
#.# #########.#@##........##.###
#.# #.........#g##........##.
#.# #.#########S#............
#.# #.# #...#.####......#
##.###.#######..g# .....
...~.~..~.~#...).# ....
~..~~.≈~~~~#.###.# .....
~~≈≈~~~~≈≈...# #.#
≈≈≈≈≈≈≈≈≈...## #.#


You could see 2 gnolls, an adder and a goblin.

Vanquished Creatures
  2 gnolls (D:2)
  A worm (D:2)
  3 dart slugs (D:1)
  4 ball pythons (D:1)
  4 endoplasms (D:1)
  2 giant cockroaches
  6 goblins (D:1)
  7 hobgoblins
  A quokka (D:1)
  3 bats
  2 frilled lizards
  4 kobolds (D:1)
  2 rats
41 creatures vanquished.

Notes
Turn   | Place    | Note
-------+----------+-------------------------------------------
     0 | D:1      | Oxelix the Demonspawn Gladiator began the quest for the
                  | Orb.
     0 | D:1      | Reached XP level 1. HP: 16/16 MP: 1/1
   146 | D:1      | Gained mutation: You are partially covered in sharp spines.
                  | [demonic ancestry]
   146 | D:1      | Reached XP level 2. HP: 22/22 MP: 2/2
   292 | D:1      | Reached XP level 3. HP: 27/28 MP: 3/3
   851 | D:2      | Found a faded altar of an unknown god.
   910 | D:2      | Reached XP level 4. HP: 6/34 MP: 4/4
   917 | D:2      | HP: 2/51 [gnoll/+0 spear (5)]
   963 | D:2      | Slain by a gnoll

Illustrated notes

Levels and vault maps discovered:
D:1:      amcnicky_arrival_underground_garden, layout_basic, minmay_tall_x
D:2:      layout_basic, chequers_ecumenical_altar_island,
          uniq_crazy_yiuf_cottage

Skill      XL: |  1  2 |
---------------+-------+-----
Throwing       | 2 |  2.3
Long Blades    | 3 |  3.4
Dodging        | 3 |  3.0
Fighting       | |  2.7

Action                     |  1- 3 |  4- 6 || total
---------------------------+-------+-------++-------
  Melee: Long sword        |    70 |       ||    70
  Throw: Javelin           |     1 |       ||     1
         Throwing net      |       |     3 ||     3
    Use: Potion            |     1 |     1 ||     2
 Armour: Leather armour    |    11 |       ||    11
         Chain mail        |    21 |     1 ||    22
         Skin              |     3 |    28 ||    31
  Dodge: Dodged            |    39 |     4 ||    43

Table legend: (Time is in decaauts)
 A = Elapsed time spent in this place.
 B = Non-inter-level travel time spent in this place.
 C = Inter-level travel time spent in this place.
 D = Time resting spent in this place.
 E = Time spent auto-exploring this place.
 F = Levels seen in this place.
 G = Mean time per level.
                   A        B        C        D        E       F      G
               +--------+--------+--------+--------+--------+-----+--------+
         Total |    986 |    964 |     22 |     16 |    653 |   2 |  493.0 |
       Dungeon |    986 |    964 |     22 |     16 |    653 |   2 |  493.0 |
               +--------+--------+--------+--------+--------+-----+--------+

Top non-repeatable levels by time:
     D:1: 710 daAuts
     D:2: 275 daAuts
